 Dungeon Crawl Stone Soup version 0.21-a0-582-g1b93aee (webtiles) character file.

219 vineage the Skirmisher (level 5, -9/88 HPs)
             Began as an Ogre Berserker on Dec 19, 2017.
             Was a Believer of Trog.
             Mangled by Regeox's ghost (17 damage)
             ... on level 3 of the Dungeon.
             The game lasted 00:03:29 (2701 turns).

vineage the Skirmisher (Ogre Berserker)             Turns: 2701, Time: 00:03:30

Health: -9/88      AC:  4    Str: 27    XL:     5   Next: 96%
Magic:  5/5        EV: 10    Int:  8    God:    Trog [**....]
Gold:   100        SH:  0    Dex:  8    Spells: 4/4 levels left

rFire    . . .     SeeInvis .   i - +0 hand axe (freeze)
rCold    + . .     Gourm    .   (no shield)
rNeg     . . .     Faith    .   b - +0 animal skin
rPois    .         Spirit   .   (helmet restricted)
rElec    .         Reflect  .   l - +0 cloak
rCorr    .         Harm     .   (gloves unavailable)
MR       +++..                  (boots unavailable)
Stlth    ..........             (no amulet)
HPRegen  1.24/turn              d - ring of protection from cold
MPRegen  0.09/turn              h - ring of protection from magic (curse)

@: berserking, regenerating, very quick
A: large, unfitting armour, tough skin 1
a: Berserk, Trog's Hand, Burn Spellbooks, Renounce Religion


You were on level 3 of the Dungeon.
You worshipped Trog.
Trog was pleased with you.
You were near starving.

You visited 1 branch of the dungeon, and saw 3 of its levels.

You collected 100 gold pieces.

Inventory:

Hand Weapons
 i - a +0 hand axe of freezing (weapon)
Armour
 b - a +0 animal skin (worn)
 l - a +0 cloak (worn)
Jewellery
 d - a ring of protection from cold (left hand)
 h - a cursed ring of protection from magic (right hand)
Wands
 k - a wand of disintegration (6)
Scrolls
 a - a scroll of magic mapping {unknown}
 e - 2 scrolls of remove curse
 j - a scroll of enchant weapon {unknown}
Potions
 f - a potion of cancellation {unknown}
 g - a potion of heal wounds {unknown}
Comestibles
 c - 2 rations


   Skills:
 + Level 5.8 Fighting
 * Level 5.5 Axes
 - Level 2.6 Dodging


You had 4 spell levels left.
You didn't know any spells.

Dungeon Overview and Level Annotations

Branches:
Dungeon (3/15)

Altars:

Annotations:
D:3 Regeox's ghost, amateur HOFi


Innate Abilities, Weirdness & Mutations

You are too large for most types of armour.
You have tough skin. (AC +1)


Message History

You are near starving!
Regeox's ghost hits you!
You slash Regeox's ghost! You freeze Regeox's ghost.
Regeox's ghost is moderately damaged.
Regeox's ghost hits you!
You slash Regeox's ghost! You freeze Regeox's ghost!
Regeox's ghost is severely damaged.
Regeox's ghost hits you!
* * * LOW HITPOINT WARNING * * *
You are too berserk!
You barely miss Regeox's ghost.
Regeox's ghost is severely damaged.
You barely miss Regeox's ghost.
Regeox's ghost is severely damaged.
Regeox's ghost hits you!
* * * LOW HITPOINT WARNING * * *
You closely miss Regeox's ghost.
Regeox's ghost is severely damaged.
Regeox's ghost hits you!
You die...

##.#...# #
#.....# .#
###...######.#
##.......†..†..
###..#...##<.†...
#...##...##.#####
##.####...##.#
##..# #......#
#.@## ##..####
#.W## ..## #.#
.## #$) #..# #.#
#. #


You could see Regeox's ghost.

Vanquished Creatures
  A centaur (D:2)
  Terence (D:2)
  4 adders
  2 worms
  2 dart slugs
  A leopard gecko (D:1)
  6 bats
  3 giant cockroaches
  11 goblins
  12 hobgoblins
  5 jackals
  A ball python (D:2)
  5 frilled lizards
  5 kobolds
  5 rats
64 creatures vanquished.

Notes
Turn   | Place    | Note
-------+----------+-------------------------------------------
     0 | D:1      | vineage the Ogre Berserker began the quest for the Orb.
     0 | D:1      | Reached XP level 1. HP: 24/24 MP: 1/1
    87 | D:1      | Reached XP level 2. HP: 16/32 MP: 2/2
   657 | D:1      | Reached XP level 3. HP: 36/40 MP: 3/3
   714 | D:1      | Reached ** piety under Trog
  1295 | D:2      | Noticed Terence
  1311 | D:2      | Killed Terence
  1311 | D:2      | Reached XP level 4. HP: 13/49 MP: 4/4
  1539 | D:2      | Reached skill level 5 in Fighting
  2148 | D:2      | Reached XP level 5. HP: 52/57 MP: 5/5
  2450 | D:2      | Noticed a centaur
  2457 | D:2      | Killed a centaur
  2457 | D:2      | Reached skill level 5 in Axes
  2695 | D:3      | Noticed Regeox's ghost (amateur HOFi)
  2701 | D:3      | Mangled by Regeox's ghost

Vault maps used:
D:1:      dpeg_arrival_water_temple_mockup, moated_statue, minmay_heptomino_l4
D:2:      uniq_terence
D:3:      lemuel_crystal_altar, grunt_dithmenos_smoke, uniq_sigmund

Skill      XL: |  1  2  3  4  5 |
---------------+----------------+-----
Axes           | 4 5 |  5.5
Fighting       | 5 |  5.8
Dodging        | |  2.6

Action                   |  1- 3 |  4- 6 || total
-------------------------+-------+-------++-------
Melee: Hand axe          |   159 |    86 ||   245
Invok: Berserk           |       |     1 ||     1
       Trog's Hand       |       |     1 ||     1
  Use: Scroll            |     1 |       ||     1
  Eat: Ration            |       |     1 ||     1
       Chunk             |       |     2 ||     2
Armor: Animal skin       |    48 |    23 ||    71
Dodge: Dodged            |    77 |    43 ||   120

Table legend:
 A = Spawn XP
 B = Non-spawn XP
 C = Spawn XP percentage of total XP
 D = Spawn monster count
 E = Non-spawn monster count
 F = Spawn count percentage of total count
 G = Total turns spent on level
                    A         B        C        D         E        F      G
               +---------+---------+-------+---------+---------+-------+---------
         Total |       0 |     313 |   0.0 |       0 |      64 |   0.0 |  2701
               +---------+---------+-------+---------+---------+-------+---------
           D:1 |       0 |      52 |   0.0 |       0 |      28 |   0.0 |  1053
           D:2 |       0 |     234 |   0.0 |       0 |      29 |   0.0 |  1589
           D:3 |       0 |      27 |   0.0 |       0 |       7 |   0.0 |    59
               +---------+---------+-------+---------+---------+-------+---------
